 Dungeon Crawl Stone Soup version 0.28-a0-793-g31680bbd8b (webtiles) character file.

Game seed: 661744198166728275

207 SolCadguy the Bolt Thrower (level 6, -5/46 (52) HPs)
             Began as a Kobold Hunter on Nov 4, 2021.
             Slain by Pikel (10 damage)
             ... on level 4 of the Dungeon.
             The game lasted 00:13:21 (5211 turns).

SolCadguy the Bolt Thrower (Kobold Hunter)          Turns: 5211, Time: 00:13:22

HP:   -5/46 (52)    AC: 23    Str: 10    XL:     6   Next: 10%
MP:   6/6           EV:  3    Int: 12    God:
Gold: 128           SH:  0    Dex: 17    Spells: 4/5 levels left

rFire   . . .      SeeInvis .   b - +0 short sword
rCold   . . .      Faith    .   (shield restricted)
rNeg    . . .      Spirit   .   (armour currently unavailable)
rPois   +          Reflect  .   (helmet currently unavailable)
rElec   .          Harm     .   (cloak currently unavailable)
rCorr   .          Rampage  .   (gloves currently unavailable)
Will    .....      NoTele   +   (boots currently unavailable)
Stlth   +++.......              (no amulet)
HPRegen 0.15/turn               (no ring)
MPRegen 0.10/turn               (no ring)

@: tree-form, heavily drained
A: stationary, stasis, torment immunity, boosted hp, small, no large weapons,
nightstalker 3
a: no special abilities


You were on level 4 of the Dungeon.
You were a tree.
You visited 1 branch of the dungeon, and saw 4 of its levels.

You collected 128 gold pieces.

Inventory:

Hand Weapons
 a - a +1 hand crossbow
 b - a +0 short sword (weapon)
 j - a +0 hunting sling
Missiles
 d - 14 bolts
 n - 7 boomerangs (quivered)
 p - 122 stones
 t - 6 silver javelins
Armour
 c - a +0 leather armour (melded)
 h - a +0 helmet (melded)
Magical Staves
 w - a staff of fire
Wands
 y - a wand of paralysis (3)
 z - a wand of polymorph (5)
Scrolls
 e - 2 scrolls of amnesia
 g - a scroll of identify
 q - a scroll of fear {unknown}
 s - a scroll of fog {unknown}
 u - a scroll of acquirement {unknown}
 v - a scroll of holy word {unknown}
 x - a scroll of vulnerability {unknown}
Potions
 f - 2 potions of ambrosia {unknown}
 k - a potion of resistance
 l - a potion of heal wounds
 m - a potion of attraction
 o - a potion of brilliance {unknown}
 r - a potion of degeneration {unknown}


   Skills:
 - Level 2.1 Fighting
 - Level 2.0 Short Blades
 + Level 7.6 Crossbows
 - Level 2.4 Dodging
 + Level 3.2 Stealth


You had 4 spell levels left.
You knew the following spells:

 Your Spells              Type           Power      Damage    Failure   Level
a - Beastly Appendage     Tmut           0%         N/A       32%         1

Your spell library contained the following spells:

 Spells                   Type           Power      Damage    Failure   Level
 Ensorcelled Hibernation  Hex/Ice        0%         N/A       45%         2
 Wereblood                Tmut           0%         N/A       45%         2
 Ignite Poison            Fire/Tmut/Pois 0%         N/A       69%         3
 Mephitic Cloud           Conj/Pois/Air  0%         N/A       69%         3
 Spider Form              Tmut/Pois      0%         N/A       69%         3
 Tukima's Dance           Hex            0%         N/A       69%         3
 Freezing Cloud           Conj/Ice/Air   0%         6-21      100%        5


Dungeon Overview and Level Annotations

Branches:
Dungeon (4/15)
 Temple: D:4-7

Altars:
Kikubaaqudgha
Trog
Vehumet

Shops:
D:1 (   D:2 ((*

Annotations:
D:4 Pikel


Innate Abilities, Weirdness & Mutations

You are a tree.
Your roots penetrate the ground, keeping you stationary.
You cannot be teleported.
You are immune to unholy pain and torment.
Your maximum health is greatly increased.
Your equipment is partially melded.
You are small and have problems with some larger weapons.
You are completely attuned to the shadows.


Message History

Pikel is severely wounded.
Pikel hits you with a +1 whip of electrocution.
Okay, then.
Really quaff the potion of lignification?
Your horns disappear.
Your talons disappear.
Your +0 helmet unmelds from your body.
You turn into a tree.
Your +0 helmet melds into your body.
Your +0 leather armour melds into your body.
Your roots penetrate the ground.
Pikel hits you with a +1 whip of electrocution.
You hit Pikel.
Pikel is severely wounded.
Pikel hits you but does no damage.
You hit Pikel.
Pikel is severely wounded.
Pikel barely misses you.
You hit Pikel but do no damage.
Pikel is severely wounded.
Pikel hits you but does no damage.
You miss Pikel.
Pikel is severely wounded.
Pikel hits you but does no damage.
You miss Pikel.
Pikel is severely wounded.
Pikel hits you but does no damage.
You are electrocuted!
* * * LOW HITPOINT WARNING * * *
You hit Pikel.
Pikel is severely wounded.
Pikel completely misses you.
You hit Pikel but do no damage.
Pikel is severely wounded.
Pikel hits you with a +1 whip of electrocution.
* * * LOW HITPOINT WARNING * * *
You hit Pikel but do no damage.
Pikel is severely wounded.
Pikel hits you but does no damage.
You hit Pikel.
Pikel is almost dead.
Pikel hits you but does no damage.
You are electrocuted!
You die...

#.#
#########.#
#.# #.#
#[....)...#
#.# #.#
#.#########
#.# #.# #.##
#.. #.# #..#
#.. #.#
##.#.# #..
#.# ##.###.#
#.. #.# #.##
#. #.) ##.##
#.♣# ###..
#...###K#.#
.....
#.#.#.##5##.#
###..
#.......(.#
.# #..
#...w..#### #
#.. .......
#.. .....#
#.. ##. #.


You could see Pikel and a lemure.

Vanquished Creatures
  Jessica (D:2)
  An orc wizard (D:4)
  5 adders
  3 gnolls (D:2)
  3 worms
  2 dart slugs
  10 orcs
  4 bats
  6 endoplasms
  4 giant cockroaches
  5 goblins
  3 hobgoblins
  7 kobolds
  2 quokkas (D:2)
  3 ball pythons
  A frilled lizard (D:3)
  2 rats (D:2)
62 creatures vanquished.

Notes
Turn   | Place    | Note
-------+----------+-------------------------------------------
     0 | D:1      | SolCadguy the Kobold Hunter began the quest for the Orb.
     0 | D:1      | Reached XP level 1. HP: 12/12 MP: 1/1
   145 | D:1      | Reached skill level 5 in Crossbows
   580 | D:1      | Reached XP level 2. HP: 8/17 MP: 2/2
  1131 | D:1      | Found a faded altar of an unknown god.
  1168 | D:2      | Learned a level 1 spell: Beastly Appendage
  1454 | D:2      | Reached XP level 3. HP: 16/21 MP: 3/3
  1544 | D:2      | Reached skill level 6 in Crossbows
  1700 | D:2      | Noticed Jessica
  1710 | D:2      | Killed Jessica
  1711 | D:2      | Reached XP level 4. HP: 20/26 MP: 4/4
  1847 | D:2      | Found Uceown's Antique Weapon Shop.
  2086 | D:2      | You fall into a shaft and drop 2 floors!
  2140 | D:4      | Noticed a lemure
  2624 | D:3      | Reached skill level 1 in Short Blades
  2991 | D:3      | Reached skill level 7 in Crossbows
  2991 | D:3      | Reached XP level 5. HP: 26/30 MP: 3/5
  3742 | D:2      | Found Okigiamn's Assorted Antiques.
  3744 | D:2      | Found Nynaxtud's Antique Weapon Shop.
  4439 | D:4      | Found an ancient bone altar of Kikubaaqudgha.
  4447 | D:4      | Found a bloodstained altar of Trog.
  4447 | D:4      | Found a radiant altar of Vehumet.
  4843 | D:4      | Reached XP level 6. HP: 11/31 MP: 6/6
  5194 | D:4      | Noticed Pikel
  5211 | D:4      | Slain by Pikel

Illustrated notes

Levels and vault maps discovered:
D:1:      lemuel_arrival_muddy, layout_loops_ring,
          dreamdust_ecumenical_altar_hidden_monk_grotto
D:2:      layout_rooms, serial_shops, shop, nicolae_shop_overgrown_old_shop,
          nicolae_shop_statue_plus, st_stairs_10, lemuel_flame_loot_1,
          uniq_jessica
D:3:      layout_basic, serial_glass, glass_columns_b, glass_columns_a
D:4:      layout_loops_ring, minitemple, uniq_pikel

Skill      XL: |  1  2  3  4  5 |
---------------+----------------+-----
Crossbows      | 5 6 7 |  7.6
Short Blades   | 1 2 |  2.0
Stealth        | 3 |  3.2
Fighting       | |  2.1
Dodging        | |  2.4

Action                   |  1- 3 |  4- 6 || total
-------------------------+-------+-------++-------
Melee: Short sword       |    30 |   143 ||   173
       Kick              |     3 |    13 ||    16
       Headbutt          |     1 |     7 ||     8
 Fire: Hand crossbow     |    18 |    20 ||    38
Throw: Boomerang         |       |     3 ||     3
 Cast: Beastly Appendage |     2 |    15 ||    17
  Use: Scroll            |       |     4 ||     4
       Potion            |       |     3 ||     3
 Stab: Sleeping          |     2 |     8 ||    10
Armor: Leather armour    |     4 |    20 ||    24
       Skin              |       |    11 ||    11
Dodge: Dodged            |    19 |    97 ||   116

Table legend: (Time is in decaauts)
 A = Elapsed time spent in this place.
 B = Non-inter-level travel time spent in this place.
 C = Inter-level travel time spent in this place.
 D = Time resting spent in this place.
 E = Time spent auto-exploring this place.
 F = Levels seen in this place.
 G = Mean time per level.
                   A        B        C        D        E       F      G
               +--------+--------+--------+--------+--------+-----+--------+
         Total |   5216 |   5136 |     80 |   1604 |   2549 |   4 | 1304.0 |
       Dungeon |   5216 |   5136 |     80 |   1604 |   2549 |   4 | 1304.0 |
               +--------+--------+--------+--------+--------+-----+--------+

Top non-repeatable levels by time:
     D:3: 1569 daAuts
     D:2: 1446 daAuts
     D:1: 1197 daAuts
     D:4: 1003 daAuts
